 Dungeon Crawl Stone Soup version 0.28-a0-1114-g8eb0198dcf (webtiles) character file.

Game seed: 17989850009440676773

16 Garessta the Sneak (level 2, -4/19 HPs)
             Began as a Vampire Enchanter on Dec 11, 2021.
             Slain by Terence (9 damage)
             ... on level 2 of the Dungeon.
             The game lasted 00:01:54 (876 turns).

Garessta the Sneak (Vampire Enchanter)               Turns: 876, Time: 00:01:54

Health: -4/19      AC:  2    Str:  7    XL:     2   Next: 41%
Magic:  0/5        EV: 12    Int: 17    God:
Gold:   26         SH:  0    Dex: 14    Spells: 3/5 levels left

rFire   . . .      SeeInvis +   a - +1 dagger
rCold   . . .      Faith    .   (no shield)
rNeg    . . .      Spirit   .   b - +0 robe
rPois   .          Reflect  .   (no helmet)
rElec   .          Harm     .   (no cloak)
rCorr   .          Rampage  .   (no gloves)
Will    .....                   (no boots)
Stlth   +++.......              (no amulet)
HPRegen 0.26/turn               (no ring)
MPRegen 0.09/turn               (no ring)

@: healing quickly
A: alive, fangs 3, see invisible, vampiric 1
a: Exsanguinate


You were on level 2 of the Dungeon.
You visited 1 branch of the dungeon, and saw 2 of its levels.

You collected 26 gold pieces.

Inventory:

Hand Weapons
 a - a +1 dagger (weapon)
Armour
 b - a +0 robe (worn)
Jewellery
 d - an amulet of guardian spirit
Scrolls
 g - 2 scrolls of identify {unknown}
 h - a scroll of teleportation {unknown}
Potions
 c - a potion of invisibility
 e - 2 potions of berserk rage {unknown}
 f - 2 potions of curing {unknown}
 i - a potion of flight {unknown}


   Skills:
 + Level 1.5 Short Blades
 + Level 2.4 Dodging
 + Level 4.7 Stealth
 + Level 2.2 Spellcasting
 + Level 4.7 Hexes


You had 3 spell levels left.
You knew the following spells:

 Your Spells              Type           Power      Damage    Failure   Level
a - Ensorcelled Hibernat  Hex/Ice        18%        N/A       11%         2

Your spell library contained the following spells:

 Spells                   Type           Power      Damage    Failure   Level
 Confusing Touch          Hex            17%        N/A       9%          3
 Tukima's Dance           Hex            17%        N/A       9%          3
 Dazzling Flash           Conj/Hex       18%        N/A       22%         3
 Conjure Flame            Conj/Fire      1%         6-21      50%         3
 Ignite Poison            Fire/Tmut/Pois 1%         N/A       50%         3
 Sticky Flame             Conj/Fire      1%         2d3       88%         4


Dungeon Overview and Level Annotations

Branches:
Dungeon (2/15)

Altars:
Kikubaaqudgha

Annotations:
D:2 Terence


Innate Abilities, Weirdness & Mutations

Your natural rate of healing is accelerated.
You have razor-sharp teeth.
You have supernaturally acute eyesight. (SInv)
You are afflicted with vampirism.


Message History

There is an open door here.
Aiming: Ensorcelled Hibernation (safe; 11% risk of failure)
Press: ? - help, Q - select action Shift-Dir - straight line, f/p - Terence
Aim: Terence, wielding a +0 hand axe and wearing a +0 ring mail (chance to affect: 50%) Terence resists with some effort.
Terence hits you with a +0 hand axe.
Terence bares his teeth.
There is a stone staircase leading up here.
Found an ancient bone altar of Kikubaaqudgha.
A frilled lizard comes into view.
You don't have enough magic to cast this spell.
Terence shouts, "ATTACK!!!"
Aiming: Ensorcelled Hibernation (safe; 11% risk of failure)
Press: ? - help, Q - select action Shift-Dir - straight line, f/p - Terence
Aim: Terence, wielding a +0 hand axe and wearing a +0 ring mail (chance to affect: 50%)
You miscast Ensorcelled Hibernation.
You are very lightly contaminated with residual magic.
Nothing appears to happen.
There is a stone staircase leading up here.
Terence hits you with a +0 hand axe.
Your magical contamination has completely faded away.
There is a stone staircase leading up here.
Aiming: Ensorcelled Hibernation (safe; 11% risk of failure)
Press: ? - help, Q - select action Shift-Dir - straight line, f/p - Terence
Aim: Terence, wielding a +0 hand axe and wearing a +0 ring mail (chance to affect: 50%) Terence looks drowsy...
The helpless Terence fails to defend himself.
You impale Terence!!
Terence is almost dead.
You completely miss Terence.
Terence is almost dead.
Terence hits you with a +0 hand axe.
You hit Terence but do no damage.
Terence is almost dead.
Terence hits you with a +0 hand axe!
* * * LOW HITPOINT WARNING * * *
You hit Terence but do no damage.
Terence is almost dead.
Terence hits you with a +0 hand axe!
You die...

#.# #.......# #.#
#.......# #.#
##'##...#
#.######.##...#
#........##...#
###########...###.###
..................
#.########...###...
.........@@...#
........#####.#
.._......@..<.#
........##....#
........##.....#
.l......##...#.#
.#########...#...
....##..# .....# ..#


You could see Terence.

Vanquished Creatures
  A dart slug (D:1)
  An endoplasm (D:1)
  3 goblins (D:1)
  2 hobgoblins (D:1)
  A kobold (D:1)
  2 ball pythons (D:1)
  2 bats (D:1)
  A frilled lizard (D:1)
  A rat (D:1)
14 creatures vanquished.

Notes
Turn   | Place    | Note
-------+----------+-------------------------------------------
     0 | D:1      | Garessta the Vampire Enchanter began the quest for the Orb.
     0 | D:1      | Reached XP level 1. HP: 13/13 MP: 3/3
   282 | D:1      | Reached XP level 2. HP: 13/19 MP: 5/5
   292 | D:1      | Learned a level 2 spell: Ensorcelled Hibernation
   807 | D:2      | Noticed Terence
   841 | D:2      | Found an ancient bone altar of Kikubaaqudgha.
   876 | D:2      | Slain by Terence

Illustrated notes

Levels and vault maps discovered:
D:1:      lightli_arrival_quake, layout_loops_cross
D:2:      layout_basic, serial_shops, nicolae_shop_advertising_works
          [nicolae_subvault_shop_adworks], hellmonk_ecumenical_altar_zigzags,
          basic_altar, uniq_terence, uniq_sigmund

Action                   || total
-------------------------++-------
Melee: Dagger            ||    63
       Bite              ||     6
 Cast: Ensorcelled Hiber ||     5
 Stab: Sleeping          ||     8
Armor: Robe              ||    11
Dodge: Dodged            ||    35

Table legend: (Time is in decaauts)
 A = Elapsed time spent in this place.
 B = Non-inter-level travel time spent in this place.
 C = Inter-level travel time spent in this place.
 D = Time resting spent in this place.
 E = Time spent auto-exploring this place.
 F = Levels seen in this place.
 G = Mean time per level.
                   A        B        C        D        E       F      G
               +--------+--------+--------+--------+--------+-----+--------+
         Total |    872 |    828 |     44 |      0 |    568 |   2 |  436.0 |
       Dungeon |    872 |    828 |     44 |      0 |    568 |   2 |  436.0 |
               +--------+--------+--------+--------+--------+-----+--------+

Top non-repeatable levels by time:
     D:1: 768 daAuts
     D:2: 103 daAuts
